 Dungeon Crawl Stone Soup version 0.30.0-29-ga12c61a403 (webtiles) character file.

Game seed: 15776767444341614851

24600 fishwithlegs the Bludgeoner (level 12, -1/118 HPs)
             Began as a Minotaur Berserker on June 16, 2023.
             Was a High Priest of Trog.
             Slain by an eleionoma (9 damage)
             ... on level 2 of the Swamp.
             The game lasted 01:14:34 (11766 turns).

fishwithlegs the Bludgeoner (Minotaur Berserker)   Turns: 11766, Time: 01:14:35

Health: -1/118     AC: 17    Str: 33    XL:     12   Next: 82%
Magic:  11/11      EV: 15    Int:  4    God:    Trog [*****.]
Gold:   498        SH:  0    Dex: 10    Spells: 11/11 levels left

rFire   . . .        k - +7 dire flail of the Stopping Gods {speed, Str+3}
rCold   . . .        (shield currently unavailable)
rNeg    + . .        u - +2 leather armour {Will+}
rPois   +            (helmet restricted)
rElec   .            U - +1 cloak
rCorr   .            w - +2 pair of gloves {Str+3}
SInv    .            o - +0 pair of boots
Will    ++...        c - amulet of Xiog {rPois rN+ Regen+}
Stlth   +            G - ring of willpower
HPRegen 1.19/turn    B - +4 ring of protection
MPRegen 0.12/turn

%: no passive effects
@: very slow
A: horns 2, retaliatory headbutt
a: Renounce Religion, Berserk, Trog's Hand, Brothers in Arms


You were on level 2 of the Swamp.
You worshipped Trog.
Trog was extremely pleased with you.
You visited 4 branches of the dungeon, and saw 14 of its levels.

You collected 754 gold pieces.
You spent 256 gold pieces at shops.

Inventory:

Hand Weapons
 k - the +7 dire flail of the Stopping Gods (weapon) {speed, Str+3}
   (You took it off an ogre on level 4 of the Dungeon)

   Str:       It affects your strength (+3).
 R - a +2 great mace of flaming
Missiles
 b - 35 poisoned darts
 f - 112 stones
 g - 6 curare-tipped darts
 t - 5 atropa-tipped darts (quivered)
Armour
 o - a +0 pair of boots (worn)
 u - a +2 leather armour of willpower (worn)
 w - a +2 pair of gloves of strength (worn)
 U - a +1 cloak (worn)
 V - a +2 robe of resistance
Jewellery
 c - the amulet of Xiog (around neck) {rPois rN+ Regen+}
   (You acquired it on level 4 of the Dungeon)

   [amulet of regeneration]

   rPois:     It protects you from poison.
   rN:        It protects you from negative energy.
   Regen:     It increases your rate of health regeneration.
 q - a ring of positive energy
 s - an amulet of guardian spirit
 v - an amulet of magic regeneration
 B - a +4 ring of protection (right hand)
 G - a ring of willpower (left hand)
 P - a ring of ice
 X - a ring of protection from cold
Wands
 e - a wand of flame (41)
 r - a wand of mindburst (17)
 D - a wand of polymorph (3)
 N - a wand of light (7)
 Z - a wand of charming (3)
Scrolls
 h - a scroll of summoning {unknown}
 i - 5 scrolls of teleportation
 y - 2 scrolls of magic mapping
 z - 4 scrolls of blinking
 E - a scroll of enchant armour {unknown}
 I - a scroll of poison {unknown}
 J - 2 scrolls of enchant weapon
 M - a scroll of noise {unknown}
 O - 2 scrolls of fear
 S - a scroll of brand weapon {unknown}
 T - 5 scrolls of fog
Potions
 a - 3 potions of haste
 d - a potion of degeneration
 j - 6 potions of flight
 l - a potion of lignification
 m - 8 potions of brilliance
 n - 3 potions of heal wounds
 p - a potion of ambrosia
 x - 3 potions of curing
 A - a potion of resistance {unknown}
 F - a potion of cancellation {unknown}
 L - a potion of might {unknown}
 Q - a potion of mutation {unknown}


   Skills:
 * Level 14.6 Fighting
 - Level 7.1(12.2) Axes
 + Level 15.3(15.9) Maces & Flails
 * Level 10.2 Armour
 * Level 9.5 Dodging
 - Level 0.7 Stealth


You had 11 spell levels left.
You didn't know any spells.
Your spell library contained the following spells:

 Spells                   Type           Power      Damage    Failure   Level
 Apportation              Tloc           0%         N/A       52%         1
 Kiss of Death            Conj/Necr      0%         2d5       52%         1
 Necrotise                Necr           0%         1d4       52%         1
 Shock                    Conj/Air       0%         1d3       52%         1
 Summon Small Mammal      Summ           0%         N/A       52%         1
 Cigotuvi's Dreadful Rot  Necr/Pois/Air  0%         N/A       67%         2
 Sublimation of Blood     Necr           0%         N/A       67%         2
 Wereblood                Tmut           0%         N/A       67%         2
 Confusing Touch          Hex            0%         N/A       88%         3
 Ignite Poison            Fire/Tmut/Pois 0%         N/A       88%         3
 Swiftness                Air            0%         N/A       88%         3
 Tukima's Dance           Hex            0%         N/A       88%         3
 Airstrike                Air            0%         2d(0-16)  99%         4
 Animate Dead             Necr           0%         N/A       99%         4
 Dispel Undead            Necr           0%         3d6       99%         4
 Passage of Golubria      Tloc           0%         N/A       99%         4
 Petrify                  Tmut/Erth      0%         N/A       99%         4
 Sticky Flame             Conj/Fire      0%         2d3       99%         4
 Summon Lightning Spire   Summ/Air       0%         N/A       99%         4
 Fireball                 Conj/Fire      0%         3d3       100%        5
 Iskenderun's Battlesphe  Conj           0%         2d6       100%        5
 Metabolic Englaciation   Hex/Ice        0%         N/A       100%        5
 Silence                  Hex/Air        0%         N/A       100%        5
 Yara's Violent Unravell  Hex/Tmut       0%         3d3       100%        5
 Conjure Ball Lightning   Conj/Air       0%         3x3d6     100%        6
 Statue Form              Tmut/Erth      0%         N/A       100%        6
 Haunt                    Necr/Summ      0%         N/A       100%        7
 Orb of Destruction       Conj           0%         9d5       100%        7
 Storm Form               Tmut/Air       0%         N/A       100%        7
 Summon Hydra             Summ           0%         N/A       100%        7
 Borgnjor's Revivificati  Necr           0%         N/A       100%        8
 Ignition                 Fire           0%         3d3       100%        8


Dungeon Overview and Level Annotations

Branches:
Dungeon (8/15)             Temple (1/1) D:5            Lair (3/5) D:8
  Swamp (2/4) Lair:3       Spider (0/4) Lair:3

Altars:
Ashenzari
Cheibriados
Dithmenos
Elyvilon
Fedhas
Gozag
Hepliaklqana
Kikubaaqudgha
Makhleb
Nemelex Xobeh
Qazlal
Sif Muna
Trog
Vehumet
Wu Jian
Xom
Zin
The Shining One

Shops:
D:4 ?   D:8 :!


Innate Abilities, Weirdness & Mutations

You have a pair of horns on your head.
You reflexively headbutt those who attack you in melee.


Message History

The thorn hunter fires a volley of thorns at you.
The volley of thorns hits you!!
An eleionoma and a swamp worm come into view.
The eleionoma shouts!
The thorn hunter fires a volley of thorns at you.
The volley of thorns misses you.
You sock the briar patch!
The briar patch is almost destroyed.
The eleionoma flows through the trees.
You sock the eleionoma!
The eleionoma is lightly wounded.
The thorn hunter hits the briar patch! x2
The briar patch is destroyed!
You hit the eleionoma. Your headbutt misses the eleionoma.
The eleionoma is lightly wounded.
The eleionoma hits you.
You hit the eleionoma.
The eleionoma is lightly wounded.
The thorn hunter fires a volley of thorns at you.
The volley of thorns hits you!
You thump the eleionoma!
The eleionoma is moderately wounded.
You bludgeon the eleionoma!!
The eleionoma is severely wounded.
The thorn hunter fires a volley of thorns at you.
The volley of thorns hits you!
The eleionoma touches a tree and draws upon its vitality.
The eleionoma is healed.
The thorn hunter fires a volley of thorns at you.
The volley of thorns hits you!!
* * * LOW HITPOINT WARNING * * *
The eleionoma hits you.
* * * LOW HITPOINT WARNING * * *
You enter the shallow water.
Moving in this stuff is going to be slow.
The thorn hunter fires a volley of thorns at you.
The volley of thorns hits you!
* * * LOW HITPOINT WARNING * * *
The eleionoma attacks as you move away! The eleionoma hits you!
You die...

♣♣♣ ..~~
♣.♣♣♣♣♣♣ § ~..♣
♣♣~.....♣♣♣♣♣
~. .~.
♣♣♣.~~♣♣♣♣.....
..♣♣..
♣♣♣..♣.♣♣
♣♣♣~~. .....
♣♣...♣♣.♣ ♣♣..
♣♣..♣♣@~♣♣♣♣.♣
♣~~ ♣...~.R♣♣
♣.~ ♣.~
♣♣PP...♣ ♣.~
~.. ♣♣PP.♣♣
♣.~♣ .~~~
PPP♣.♣ ~~~♣
♣~§~ ..f.PP♣♣
♣.~. ♣♣.wPP♣
~.♣.♣§ ~~..^~.


You could see a thorn hunter, an eleionoma and a swamp worm.

Vanquished Creatures
  An eleionoma (Swamp:1)
  A hydra (Swamp:1)
  Erica (Lair:1)
  5 death yaks (D:8)
  2 alligators (Swamp:1)
  A skyshark (Lair:3)
  The ghost of ppsocheesy the Cleaver, a novice MiBe of Trog (D:7)
  A pharaoh ant (Lair:3)
  A spriggan druid (Swamp:1)
  A bog body (Swamp:1)
  A goliath frog (Swamp:1)
  3 lindwurms (Lair:3)
  A will-o-the-wisp (Swamp:1)
  8 elephants (Lair:1)
  A black mamba (Lair:2)
  A torpor snail (Lair:1)
  3 cane toads
  A komodo dragon (Lair:2)
  The ghost of pajopajo the Chopper, an amateur MiMo of Gozag (D:5)
  2 hydra zombies (Swamp:1)
  A tyrant leech (Swamp:1)
  A tarantella (Lair:3)
  A jumping spider (Lair:3)
  2 spriggans (Swamp:1)
  A wyvern (Lair:3)
  11 yaks
  The ghost of Fodor the Trooper, an amateur MiFi (D:4)
  Grum (D:8)
  A vampire (D:7)
  A basilisk (Lair:3)
  Eustachio (D:5)
  3 vampire mosquitoes (Swamp:1)
  2 steam dragons
  A redback (Lair:3)
  2 swamp worms (Swamp:1)
  Menkaure (D:4)
  6 water moccasins
  An ice beast (D:8)
  2 black bears
  An orc warrior (D:6)
  4 sky beasts
  3 wolves (D:8)
  2 ogres (D:4)
  A centaur (D:5)
  4 kobold brigands (D:7)
  5 bullfrogs
  A gnoll sergeant (D:7)
  A scorpion (D:6)
  5 wights (D:8)
  4 killer bees (D:8)
  2 electric eels (Lair:3)
  2 howler monkeys (D:8)
  4 orc priests
  3 hounds
  Crazy Yiuf (D:5)
  Ijyb (D:3)
  4 iguanas
  Terence (D:3)
  Natasha (thrice) (D:3)
  9 orc wizards
  10 gnolls
  8 adders
  14 white imps
  2 ufetubi (D:5)
  2 worms (D:2)
  4 dart slugs
  34 orcs
  8 ball pythons
  4 endoplasms
  4 giant cockroaches
  11 goblins
  10 hobgoblins
  9 quokkas
  2 bats (D:3)
  2 frilled lizards (D:2)
  33 kobolds
  10 rats
  A butterfly (D:4)
306 creatures vanquished.

Vanquished Creatures (others)
  A gnoll (D:6)
  2 foxfires (Swamp:1)
3 creatures vanquished.

Grand Total: 309 creatures vanquished

Notes
Turn   | Place    | Note
-------+----------+-------------------------------------------
     0 | D:1      | fishwithlegs the Minotaur Berserker began the quest for the
                  | Orb.
     0 | D:1      | Reached XP level 1. HP: 19/19 MP: 0/0
   304 | D:1      | Reached XP level 2. HP: 27/27 MP: 1/1
  1049 | D:1      | Reached XP level 3. HP: 30/33 MP: 2/2
  1399 | D:2      | Found a faded altar of an unknown god.
  1414 | D:2      | Reached ** piety under Trog
  1481 | D:2      | Reached XP level 4. HP: 38/41 MP: 3/3
  2230 | D:3      | Noticed Terence
  2242 | D:3      | Killed Terence
  2243 | D:3      | Reached skill level 5 in Axes
  2397 | D:3      | Found a sparkling altar of Nemelex Xobeh.
  2410 | D:3      | Noticed Natasha
  2429 | D:3      | Killed Natasha
  2430 | D:3      | Reached XP level 5. HP: 47/47 MP: 4/4
  2444 | D:3      | Noticed Natasha
  2463 | D:3      | Killed Natasha
  2533 | D:3      | Noticed Natasha
  2537 | D:3      | Killed Natasha
  2549 | D:3      | Noticed Ijyb
  2567 | D:3      | Killed Ijyb
  3023 | D:3      | Reached skill level 5 in Fighting
  3167 | D:4      | Found Ireschoo's Magic Scroll Emporium.
  3182 | D:4      | Noticed Menkaure
  3203 | D:4      | Killed Menkaure
  3204 | D:4      | Reached XP level 6. HP: 56/56 MP: 5/5
  3238 | D:4      | Bought a scroll of identify for 24 gold pieces
  3238 | D:4      | Bought a scroll of identify for 24 gold pieces
  3238 | D:4      | Identified a scroll of acquirement
  3240 | D:4      | Acquired the amulet of Xiog {rPois rN+ Regen+}
  3435 | D:4      | Found a white marble altar of Elyvilon.
  3449 | D:4      | Found a transporter.
  3486 | D:4      | Found a transporter.
  3487 | D:4      | Noticed Fodor's ghost (amateur MiFi)
  3488 | D:4      | Identified the +7 dire flail of the Stopping Gods {speed,
                  | Str+3}
  3589 | D:4      | Reached skill level 5 in Armour
  3705 | D:4      | Reached XP level 7. HP: 61/61 MP: 6/6
  4262 | D:5      | Entered Level 5 of the Dungeon
  4390 | D:4      | Killed Fodor's ghost
  4566 | D:5      | Found a runed translucent gate.
  4566 | D:5      | Found a runed translucent gate.
  4566 | D:5      | Found an opulent altar of Gozag.
  4566 | D:5      | Found a runed translucent gate.
  4567 | D:5      | Noticed pajopajo's ghost (amateur MiMo)
  4594 | D:5      | Found a shadowy altar of Dithmenos.
  4609 | D:5      | Reached skill level 1 in Maces & Flails
  4618 | D:5      | Reached *** piety under Trog
  4618 | D:5      | Killed pajopajo's ghost
  4619 | D:5      | Reached skill level 3 in Maces & Flails
  4619 | D:5      | Reached XP level 8. HP: 22/73 MP: 7/7
  4707 | D:5      | Noticed Eustachio
  4769 | D:5      | Killed Eustachio
  4770 | D:5      | Reached skill level 4 in Maces & Flails
  4770 | D:5      | Reached skill level 5 in Dodging
  4868 | D:5      | Found a staircase to the Ecumenical Temple.
  4882 | Temple   | Entered the Ecumenical Temple
  5157 | D:5      | Reached skill level 5 in Maces & Flails
  5218 | D:5      | Found a runed translucent door.
  5219 | D:5      | Noticed Crazy Yiuf
  5226 | D:5      | Killed Crazy Yiuf
  5586 | D:6      | Reached skill level 6 in Maces & Flails
  5762 | D:6      | Identified the +5 sling "Ikiabruimo" {flame, rPois Int+6
                  | Dex-2}
  5975 | D:6      | Reached skill level 7 in Maces & Flails
  5988 | D:6      | Reached XP level 9. HP: 79/79 MP: 8/8
  6324 | D:7      | Reached **** piety under Trog
  6326 | D:7      | Reached skill level 8 in Maces & Flails
  6540 | D:7      | Reached skill level 9 in Maces & Flails
  6786 | D:7      | Found a runed translucent gate.
  6789 | D:7      | Found a runed translucent gate.
  6792 | D:7      | Found a runed translucent gate.
  6794 | D:7      | Noticed ppsocheesy's ghost (novice MiBe)
  6804 | D:7      | Killed ppsocheesy's ghost
  6805 | D:7      | Reached skill level 10 in Maces & Flails
  6941 | D:8      | Noticed a death yak
  6942 | D:8      | Noticed a death yak
  6942 | D:8      | Noticed a death yak
  6944 | D:8      | Noticed a death yak
  6950 | D:8      | Killed a death yak
  6951 | D:8      | Reached skill level 11 in Maces & Flails
  6951 | D:8      | Reached XP level 10. HP: 91/91 MP: 9/9
  6951 | D:8      | Found a staircase to the Lair.
  6955 | D:8      | Noticed a death yak
  6964 | D:8      | Killed a death yak
  6967 | D:8      | Killed a death yak
  6974 | D:8      | Killed a death yak
  6975 | D:8      | Reached skill level 12 in Maces & Flails
  6985 | D:8      | Killed a death yak
  6986 | D:8      | Reached skill level 10 in Fighting
  7002 | D:8      | Reached ***** piety under Trog
  7057 | D:8      | Found a hazy altar of Hepliaklqana.
  7101 | D:8      | Found an opulent altar of Gozag.
  7103 | D:8      | Noticed Grum
  7126 | D:8      | Killed Grum
  7221 | D:8      | Found Dogat's Book Shop.
  7386 | D:8      | Reached XP level 11. HP: 101/101 MP: 10/10
  7530 | D:8      | Found Plog's Distillery.
  7544 | D:8      | Bought a potion of curing for 48 gold pieces
  7544 | D:8      | Bought a potion of haste for 160 gold pieces
  7693 | Lair:1   | Entered Level 1 of the Lair of Beasts
  7815 | Lair:1   | Reached skill level 13 in Maces & Flails
  8068 | Lair:1   | Received a gift from Trog
  8081 | Lair:1   | Found a frozen archway.
  8268 | Lair:1   | Noticed Erica
  8273 | Lair:1   | Killed Erica
  8274 | Lair:1   | Reached skill level 14 in Maces & Flails
  9490 | Lair:3   | Noticed a lindwurm
  9492 | Lair:3   | Noticed a lindwurm
  9652 | Lair:3   | Killed a lindwurm
  9660 | Lair:3   | Killed a lindwurm
  9661 | Lair:3   | Reached XP level 12. HP: 108/113 MP: 11/11
  9798 | Lair:3   | Found a hole to the Spider Nest.
 10324 | Lair:3   | Found a staircase to the Swamp.
 10756 | Swamp:1  | Entered Level 1 of the Swamp
 10756 | Swamp:1  | Noticed an alligator
 10756 | Swamp:1  | Noticed an alligator
 10765 | Swamp:1  | Killed an alligator
 10771 | Swamp:1  | Reached skill level 15 in Maces & Flails
 10777 | Swamp:1  | Killed an alligator
 10901 | Swamp:1  | Got the Folio of Ozone
 10989 | Swamp:1  | Noticed an eleionoma
 10999 | Swamp:1  | Killed an eleionoma
 11005 | Swamp:1  | Reached skill level 10 in Armour
 11236 | Swamp:1  | Noticed a seven-headed hydra
 11243 | Swamp:1  | Killed a seven-headed hydra
 11443 | Swamp:1  | HP: 5/118 [20-headed hydra zombie (6)]
 11547 | Swamp:1  | Got the Spellbook of Reanimation Made Easy
 11753 | Swamp:2  | Noticed a thorn hunter
 11757 | Swamp:2  | Noticed an eleionoma
 11766 | Swamp:2  | Slain by an eleionoma

Illustrated notes

Levels and vault maps discovered:
D:1:      lightli_arrival_flooded_house, layout_loops_corners,
          hangedman_decor_riveting, nicolae_figureground_pulse
D:2:      layout_basic, nicolae_ecumenical_snake_handling
D:3:      layout_loops_corners, nemelex_diamond_rough_becter, uniq_terence,
          uniq_natasha, uniq_ijyb
D:4:      layout_gridville, nicolae_elyvilon_peaceful_grove, serial_shops,
          nicolae_square_shop, gammafunk_ghost_smash, uniq_menkaure
D:5:      layout_rooms, mainiacjoe_overflow_alcove_2,
          minmay_temple_entry_butterflies, ebering_ghost_gozag, uniq_eustachio,
          uniq_crazy_yiuf_cottage
D:6:      layout_cave_pods
D:7:      layout_basic, ebering_ghost_rock_garden
D:8:      layout_loops_cross, mainiacjoe_overflow_chevrons,
          worldfamousw_hep_ancestral_shrine, dpeg_lair_monsters, serial_shops,
          shop, nicolae_shop_industrial_runoff, uniq_grum
Temple:   hellmonk_temple_forest_ring
Lair:1:   layout_loops_ring, portal_ice_cave_entry_imps, uniq_erica
Lair:2:   layout_roguey
Lair:3:   layout_regular_city, swamp_mist_pool,
          nicolae_spider_entry_lesser_pyramids, gauntlet_entry_generic,
          nicolae_lair_lindhole, grunt_megastairs_1
Swamp:1:  layout_falls_marsh, evilmike_swamp_ruin_house_2, swamp_pool3,
          nicolae_swamp_necromancy_gone_wrong
Swamp:2:  layout_falls_marsh, evilmike_swamp_ruin_house_6, swamp_pool4

Skill      XL: |  1  2  3  4  5  6  7  8  9 10 11 12 |
---------------+-------------------------------------+-----
Axes           | 4 5 6 7 |  7.1
Fighting       | 4 5 7 9 10 12 14 | 14.6
Armour         | 3 4 5 6 7 8 9 10 | 10.2
Dodging        | 3 4 5 6 7 8 9 |  9.5
Maces & Flails | 3 7 11 12 14 15 | 15.3
Stealth        | |  0.7

Action                     |  1- 3 |  4- 6 |  7- 9 | 10-12 || total
---------------------------+-------+-------+-------+-------++-------
  Melee: Hand axe          |   103 |   159 |    34 |       ||   296
         Headbutt          |    12 |    24 |    31 |    79 ||   146
         Punch             |     1 |     3 |     1 |       ||     5
         Dire flail        |       |       |   201 |   374 ||   575
  Throw: Dart              |       |       |       |     1 ||     1
 Invoke: Berserk           |     3 |     6 |     8 |     9 ||    26
  Evoke: Wand              |       |       |       |     1 ||     1
    Use: Scroll            |       |     8 |     3 |     6 ||    17
         Potion            |       |       |       |     3 ||     3
 Armour: Chain mail        |    38 |    39 |       |       ||    77
         Animal skin       |     1 |       |       |       ||     1
         Leather armour    |       |     5 |    78 |   107 ||   190
  Dodge: Dodged            |    42 |    63 |   139 |   195 ||   439
